 Dungeon Crawl Stone Soup version 0.23.2-1-ga50397a (webtiles) character file.

Game seed: 4181887834457357332

87 Heatsaber the Chucker (level 4, -3/37 HPs)
             Began as a Minotaur Arcane Marksman on May 26, 2019.
             Slain by an orc wizard
             ... wielding a +0 dagger
              (5 damage)
             ... on level 4 of the Dungeon.
             The game lasted 00:07:55 (2704 turns).

Heatsaber the Chucker (Minotaur Arcane Marksman)    Turns: 2704, Time: 00:07:56

Health: -3/37      AC:  4    Str: 15    XL:     4   Next: 28%
Magic:  4/4        EV: 12    Int: 11    God:
Gold:   129        SH:  0    Dex: 10    Spells: 4/5 levels left

rFire    . . .     SeeInvis .   i - +0 club
rCold    . . .     Gourm    .   (no shield)
rNeg     . . .     Faith    .   k - +0 leather armour
rPois    .         Spirit   .   (helmet restricted)
rElec    .         Reflect  .   (no cloak)
rCorr    .         Harm     .   (no gloves)
MR       .....                  p - +0 pair of boots
Stlth    +.........             (no amulet)
HPRegen  0.12/turn              (no ring)
MPRegen  0.09/turn              (no ring)

@: no status effects
A: retaliatory headbutt, horns 2
a: no special abilities


You were on level 4 of the Dungeon.
You were hungry.

You visited 1 branch of the dungeon, and saw 4 of its levels.

You collected 129 gold pieces.

Inventory:

Hand Weapons
 b - a +0 whip
 i - a +0 club (weapon)
Missiles
 c - 4 javelins (quivered)
 d - 2 throwing nets
Armour
 a - a +0 robe
 k - a +0 leather armour (worn)
 p - a +0 pair of boots (worn)
Scrolls
 g - a scroll of magic mapping {unknown}
 h - 2 scrolls of noise {unknown}
 l - a scroll of random uselessness {unknown}
 n - a scroll of amnesia {unknown}
 o - a scroll of fog {unknown}
 r - 2 scrolls of identify {unknown}
Potions
 e - a potion of cancellation
 j - a potion of lignification {unknown}
 m - 2 potions of haste {unknown}
 q - a potion of might {unknown}
 s - a potion of brilliance {unknown}
Comestibles
 f - 6 rations


   Skills:
 + Level 2.8 Fighting
 + Level 1.8 Maces & Flails
 + Level 2.9 Throwing
 + Level 2.2 Armour
 - Level 2.1 Dodging
 - Level 1.0 Spellcasting
 - Level 2.0 Hexes


You had 4 spell levels left.
You knew the following spells:

 Your Spells              Type           Power        Failure   Level  Hunger
a - Corona                Hex            #......      17%         1    ##.....

Your spell library contained the following spells:

 Spells                   Type           Power        Failure   Level  Hunger
 Slow                     Hex            #.......     26%         2    ###....
 Inner Flame              Hex/Fire       #.......     61%         3    ####...
 Portal Projectile        Hex/Tloc       #.....       61%         3    ####...
 Cause Fear               Hex            #.........   86%         4    #####..
 Leda's Liquefaction      Hex/Erth       #.........   95%         4    #####..


Dungeon Overview and Level Annotations

Branches:
Dungeon (4/15)
 Temple: D:4-7

Altars:
Cheibriados
Gozag
Hepliaklqana
Kikubaaqudgha
Makhleb
Sif Muna

Annotations:
D:3 1 transporter


Innate Abilities, Weirdness & Mutations

You reflexively headbutt those who attack you in melee.
You have a pair of horns on your head.


Message History

* * * LOW HITPOINT WARNING * * *
Unknown command.
You hit the orc wizard. Your headbutt misses the orc wizard.
The orc wizard is almost dead.
The orc wizard closely misses you.
The orc wizard casts a spell.
The orc wizard flickers and vanishes!
Deactivating autopickup; reactivate with Ctrl-A.
You barely miss something. Something hits you.
* * * LOW HITPOINT WARNING * * *
Something hits you but does no damage.
You closely miss something.
You hear some strange, mumbled words.
A puff of flame appears from out of thin air!
The puff of flame hits you.
* * * LOW HITPOINT WARNING * * *
There is a stone staircase leading down here.
It was a potion of cancellation.
You feel magically purged. Something hits you but does no damage.
Something hits you.
You die...

#...%.....#
##.........#
+..........#
#.........#
#.........##
####+#######....#
#....##...##....#
#...............#
#.......[.@{....#
#...............#
#...............#
#######'#######.##...##
.....##....###########
..............#
..............#
..............#
)....##########


There were no monsters in sight!

Vanquished Creatures
  A gnoll (D:3)
  2 adders (D:2)
  An ooze (D:1)
  A worm (D:2)
  3 dart slugs
  2 leopard geckos (D:1)
  2 orcs (D:3)
  A giant cockroach (D:1)
  3 goblins
  10 hobgoblins
  3 quokkas
  A ball python (D:2)
  A bat (D:2)
  3 frilled lizards (D:1)
  6 kobolds
  3 rats
43 creatures vanquished.

Vanquished Creatures (others)
  A human (D:2)
1 creature vanquished.

Grand Total: 44 creatures vanquished

Notes
Turn   | Place    | Note
-------+----------+-------------------------------------------
     0 | D:1      | Heatsaber the Minotaur Arcane Marksman began the quest for
                  | the Orb.
     0 | D:1      | Reached XP level 1. HP: 16/16 MP: 1/1
     1 | D:1      | Noticed an electric eel
   467 | D:1      | Reached skill level 1 in Armour
   467 | D:1      | Reached XP level 2. HP: 8/24 MP: 2/2
  1306 | D:2      | Reached skill level 1 in Maces & Flails
  1306 | D:2      | Reached XP level 3. HP: 29/29 MP: 3/3
  1338 | D:2      | Found a deep blue altar of Sif Muna.
  1556 | D:2      | Found an opulent altar of Gozag.
  1558 | D:2      | Found a burning altar of Makhleb.
  1559 | D:2      | Found a hazy altar of Hepliaklqana.
  1573 | D:2      | Found a snail-covered altar of Cheibriados.
  1650 | D:2      | Found an ancient bone altar of Kikubaaqudgha.
  1675 | D:2      | Noticed a human
  1678 | D:2      | Killed a human
  2043 | D:2      | Reached XP level 4. HP: 37/37 MP: 4/4
  2172 | D:3      | Found a transporter.
  2704 | D:4      | Slain by an orc wizard

Skill      XL: |  1  2  3 |
---------------+----------+-----
Armour         | 1 2 |  2.2
Fighting       | 2 |  2.8
Maces & Flails | 1 |  1.8
Throwing       | |  2.9
Dodging        | |  2.1
Spellcasting   | |  1.0
Hexes          | |  2.0

Action                   |  1- 3 |  4- 6 || total
-------------------------+-------+-------++-------
Melee: Whip              |    25 |       ||    25
       Headbutt          |    15 |     4 ||    19
       Club              |    79 |    37 ||   116
Throw: Javelin           |     5 |       ||     5
  Use: Potion            |       |     1 ||     1
 Stab: Sleeping          |     1 |       ||     1
  Eat: Chunk             |     4 |     1 ||     5
Armor: Robe              |     9 |       ||     9
       Leather armour    |    17 |    13 ||    30
Dodge: Dodged            |    75 |    34 ||   109
